 Dungeon Crawl Stone Soup version 0.30.1-4-g462c640d31 (webtiles) character file.

Game seed: 9915117060662379976

32 Logoto the Firebug (level 3, -1/26 HPs)
             Began as a Hill Orc Fire Elementalist on Aug 16, 2023.
             Slain by a gnoll
             ... wielding a +0 halberd
              (12 damage)
             ... on level 2 of the Dungeon.
             The game lasted 00:03:36 (791 turns).

Logoto the Firebug (Hill Orc Fire Elementalist)      Turns: 791, Time: 00:03:39

Health: -1/26      AC:  2    Str: 12    XL:     3   Next: 25%
Magic:  4/5        EV: 12    Int: 15    God:
Gold:   87         SH:  0    Dex: 17    Spells: 2/5 levels left

rFire   . . .        f - +0 hand axe
rCold   . . .        (no shield)
rNeg    . . .        a - +0 robe
rPois   .            (no helmet)
rElec   .            (no cloak)
rCorr   .            (no gloves)
SInv    .            (no boots)
Will    .....        (no amulet)
Stlth   ++           g - +6 ring of dexterity
HPRegen 0.24/turn    (no ring)
MPRegen 0.09/turn

%: no passive effects
@: no status effects
A: no striking features
a: no special abilities


You were on level 2 of the Dungeon.
You visited 1 branch of the dungeon, and saw 2 of its levels.

You collected 87 gold pieces.

Inventory:

Hand Weapons
 f - a +0 hand axe (weapon)
Armour
 a - a +0 robe (worn)
Jewellery
 g - a +6 ring of dexterity (left hand)
 j - an amulet of guardian spirit
Scrolls
 e - a scroll of fear {unknown}
 k - a scroll of teleportation {unknown}
Potions
 c - a potion of curing {unknown}
 d - a potion of mutation {unknown}
 h - a potion of heal wounds {unknown}
 i - a potion of might {unknown}


   Skills:
 + Level 0.6 Axes
 + Level 1.9 Dodging
 + Level 1.7 Stealth
 + Level 1.9 Spellcasting
 + Level 1.2 Conjurations
 + Level 3.9 Fire Magic


You had 2 spell levels left.
You knew the following spells:

 Your Spells              Type           Power      Damage    Failure   Level
a - Foxfire               Conj/Fire      36%        2x1d5     8%          1
b - Scorch                Fire           26%        2d6       7%          2

Your spell library contained the following spells:

 Spells                   Type           Power      Damage    Failure   Level
 Inner Flame              Hex/Fire       7%         N/A       30%         3
 Volatile Blastmotes      Fire/Tloc      14%        2d11      30%         3
 Flame Wave               Conj/Fire      9%         2d6       61%         4


Dungeon Overview and Level Annotations

Branches:
Dungeon (2/15)

Altars:


Message History

You miscast Foxfire.
You are very lightly contaminated with residual magic.
Nothing appears to happen.
The gnoll shouts!
You hear a shout!
A gnoll comes into view. It is wielding a +0 halberd.
Casting: Foxfire (safe; 8% risk of failure)
Confirm with . or Enter, or press ? or * to list all spells.
You conjure some foxfire!
The foxfire hits the gnoll.
The gnoll is moderately wounded.
The foxfire hits the gnoll.
The gnoll is severely wounded.
Casting: Foxfire (safe; 8% risk of failure)
Confirm with . or Enter, or press ? or * to list all spells.
You conjure some foxfire!
The gnoll barely misses you.
The foxfire hits the gnoll.
The gnoll is severely wounded.
The foxfire hits the gnoll.
The gnoll is severely wounded.
The gnoll hits you from afar with a +0 halberd.
Casting: Foxfire (safe; 8% risk of failure)
Confirm with . or Enter, or press ? or * to list all spells.
You conjure some foxfire!
A gnoll comes into view. It is wielding a +0 flail.
The gnoll barely misses you. The gnoll misses you.
Your magical contamination has completely faded away.
The foxfire hits the gnoll but does no damage.
The gnoll is severely wounded.
The foxfire hits the gnoll.
The gnoll is almost dead.
The gnoll hits you from afar with a +0 halberd!
Ouch! That really hurt!
Magic courses through your body. The gnoll barely misses you.
Casting: Foxfire (safe; 8% risk of failure)
Confirm with . or Enter, or press ? or * to list all spells.
Flames lash the gnoll.
You kill the gnoll!
The gnoll shouts!
The gnoll hits you from afar with a +0 halberd!
You die...

#.#####(#.####....<#
#...........########
.....>..⌠.⌠.⌠.#
##............#
###..#...g...#
#..........#
#.$.#..g...#
#...##.)##.# ##.#
##.@..# ######


You could see 2 gnolls.

Vanquished Creatures
  A gnoll (D:2)
  2 dart slugs (D:1)
  3 bats (D:1)
  An endoplasm (D:1)
  2 giant cockroaches (D:1)
  2 goblins (D:1)
  3 hobgoblins
  2 kobolds (D:1)
  3 quokkas (D:1)
  2 ball pythons (D:1)
  4 frilled lizards (D:1)
  2 rats (D:1)
27 creatures vanquished.

Vanquished Creatures (others)
  38 foxfires
38 creatures vanquished.

Grand Total: 65 creatures vanquished

Notes
Turn   | Place    | Note
-------+----------+-------------------------------------------
     0 | D:1      | Logoto the Hill Orc Fire Elementalist began the quest for
                  | the Orb.
     0 | D:1      | Reached XP level 1. HP: 14/14 MP: 3/3
   138 | D:1      | Reached XP level 2. HP: 17/20 MP: 0/4
   407 | D:1      | Learned a level 2 spell: Scorch
   534 | D:1      | Reached XP level 3. HP: 26/26 MP: 0/5
   760 | D:2      | Found a faded altar of an unknown god.
   791 | D:2      | Slain by a gnoll

Illustrated notes

Levels and vault maps discovered:
D:1:      dpeg_arrival_rooms_a, layout_basic, chequers_serial_rivers_micro_d
D:2:      layout_basic, hellmonk_ecumenical_altar_run_dry

Action                     || total
---------------------------++-------
  Melee: Unarmed           ||    13
         Hand axe          ||    26
   Cast: Foxfire           ||    24
         Scorch            ||     6
    Use: Potion            ||     1
   Stab: Sleeping          ||     2
 Armour: Robe              ||    18
  Dodge: Dodged            ||    61
